 Dungeon Crawl Stone Soup version 0.32-a0-18-g89e19f1974 (webtiles) character file.

Game seed: 15643152708086898084

14147 Majang the Geomancer (level 11, -1/121 HPs)
             Began as a Demonspawn Earth Elementalist on Jan 15, 2024.
             Was a High Priest of Vehumet.
             Succumbed to Urug's poison
             ... on level 2 of the Lair of Beasts on Jan 16, 2024.
             The game lasted 01:13:48 (11929 turns).

Majang the Geomancer (DsEE)                        Turns: 11929, Time: 01:13:48

Health: -1/121     AC:  6    Str:  9    XL:     11   Next: 84%
Magic:  1/24       EV: 19    Int: 20    God:    Vehumet [*****.]
Gold:   373        SH:  6    Dex: 13    Spells: 8/28 levels left

rFire   + . .        a - staff of earth
rCold   + . .        (no shield)
rNeg    . . .        f - +0 robe {rC+ rF+}
rPois   .            C - +2 hat
rElec   .            (no cloak)
rCorr   .            l - +0 pair of gloves
SInv    .            v - +0 pair of boots
Will    +....        (no amulet) Stlth
                     g - ring of flight
HPRegen 0.40/turn    p - +5 ring of evasion
MPRegen 0.19/turn

%: no passive effects
@: berserking, lethally poisoned (-1 -> -12), attractive, enlightened, flying,
very slightly contaminated, invisible, very quick
A: antennae 1, large bone plates 2, demonic guardian 2, foul stench 2
a: Renounce Religion


You were on level 2 of the Lair of Beasts.
You worshipped Vehumet.
Vehumet was extremely pleased with you.
You visited 3 branches of the dungeon, and saw 12 of its levels.

You collected 769 gold pieces.
You spent 396 gold pieces at shops.

Inventory:

Hand Weapons
 b - the +11 dagger of Corruption {freeze, Fly rCorr Str-3 Int+5}
   (You found it on level 1 of the Lair of Beasts)

   Str-3:     It affects your strength (-3).
   Int+5:     It affects your intelligence (+5).
   Fly:       It grants you flight.
   rCorr:     It protects you from acid and corrosion.
 c - a +0 mace of electrocution
Missiles
 A - a throwing net
Armour
 f - a +0 robe of resistance (worn)
 i - a +1 robe
 l - a +0 pair of gloves (worn)
 v - a +0 pair of boots (worn)
 C - a +2 hat (worn)
Magical Staves
 a - a staff of earth (weapon)
Jewellery
 g - a ring of flight (left hand)
 p - a +5 ring of evasion (right hand)
Wands
 h - a wand of flame (19)
 y - a wand of acid (4)
Scrolls
 n - a scroll of brand weapon
 o - 3 scrolls of amnesia
 s - 3 scrolls of blinking
 u - a scroll of teleportation
 z - a scroll of poison
Potions
 j - 4 potions of might
 m - 2 potions of haste
 q - 3 potions of magic
 t - 3 potions of mutation


   Skills:
 + Level 6.0 Fighting
 + Level 5.1 Staves
 + Level 5.5 Dodging
 - Level 1.7 Stealth
 * Level 9.3 Spellcasting
 + Level 6.5 Conjurations
 * Level 9.3 Earth Magic
 - Level 2.0 Alchemy
 + Level 5.7 Evocations


You had 8 spell levels left.
You knew the following spells:

 Your Spells              Type           Power      Damage    Failure   Level
a - Sandblast             Erth           100%       2d20      1%          1
b - Stone Arrow           Conj/Erth      100%       3d13      1%          3
c - Bombard               Conj/Erth      29%        9d5       12%         6
l - Lee's Rapid Deconstr  Erth           31%        3d16*     1%          5
n - Irradiate             Conj/Alch      13%        3d16      10%         5

Your spell library contained the following spells:

 Spells                   Type           Power      Damage    Failure   Level
 Conjure Ball Lightning   Conj/Air       11%        3x3d6     56%         6
 Kiss of Death            Conj/Necr      88%        2d12      1%          1
 Hailstorm                Conj/Ice       22%        3d7       1%          3
 Passwall                 Erth           63%        N/A       1%          3
 Brom's Barrelling Bould  Conj/Erth      58%        2d7       1%          4
 Leda's Liquefaction      Alch/Erth      24%        N/A       7%          4
 Petrify                  Alch/Erth      48%        N/A       7%          4
 Apportation              Tloc           18%        N/A       8%          1
 Jinxbite                 Hex            18%        N/A       12%         2
 Ignite Poison            Fire/Alch      13%        N/A       13%         4
 Sticky Flame             Fire/Alch      13%        2d5       13%         4
 Confusing Touch          Hex            9%         N/A       22%         3
 Summon Ice Beast         Ice/Summ       9%         N/A       22%         3
 Dispel Undead            Necr           9%         3d8       58%         4
 Alistair's Intoxication  Alch           11%        N/A       67%         5
 Summon Mana Viper        Hex/Summ       9%         N/A       91%         5
 Sculpt Simulacrum        Ice/Alch       6%         N/A       100%        6
 Monstrous Menagerie      Summ           4%         N/A       100%        7
 Ignition                 Fire           4%         3d4       100%        8


Dungeon Overview and Level Annotations

Branches:
Dungeon (9/15)             Temple (1/1) D:7            Lair (2/5) D:9
  Swamp: Lair:2-3    Shoals: Lair:2-3     Snake: Lair:2-3    Spider: Lair:2-3
    Orc: D:9-12

Altars:
Cheibriados
Dithmenos
Fedhas
Gozag
Hepliaklqana
Kikubaaqudgha
Nemelex Xobeh
Okawaru
Qazlal
Ru
Sif Muna
Trog
Uskayaw
Vehumet
Wu Jian
Xom
Yredelemnul

Shops:
D:2 =   D:6 *

Annotations:
D:7 2 transporters, Descartes's ghost, novice FoEE


Innate Abilities, Weirdness & Mutations

You have a pair of small antennae on your head.
You are mostly covered in large bone plates. (SH +6)
A demonic guardian rushes to your aid.
You sometimes emit foul miasma when damaged in melee.


Message History

* * * LOW HITPOINT WARNING * * *
You feel extremely sick.
Your ice devil hits Urug but does no damage.
You feel much better.
You feel extremely sick.
Urug is engulfed in dark miasma.
Urug looks even sicker.
Urug seems to slow down.
Urug closely misses you.
Your ice devil hits Urug.
Your ice devil freezes Urug!
Urug dies!
Vehumet accepts your kill.
Vehumet offers you knowledge of Conjure Ball Lightning.
Your Fighting skill increases to level 6!
Okay, then.
Your memory of Passwall unravels.
You feel extremely sick.
It was a potion of cancellation.
Your magical effects are unravelling.
You feel magically purged.
You feel yourself slow down.
* * * LOW HITPOINT WARNING * * *
You feel very sick.
Unknown command.
It was a potion of enlightenment.
You feel more buoyant.
* * * LOW HITPOINT WARNING * * *
You feel extremely sick.
It was a potion of invisibility.
You fade into invisibility!
* * * LOW HITPOINT WARNING * * *
You feel very sick.
It was a potion of attraction.
You feel attractive to monsters.
* * * LOW HITPOINT WARNING * * *
You feel very sick.
A red film seems to cover your vision as you go berserk!
You feel yourself moving faster!
You feel mighty!
* * * LOW HITPOINT WARNING * * *
You feel very sick.
You feel a strong urge to attack something.
You die...

.......... .......... ........
........†# ........ ......BB.
.P ..... . ........# #..
#....##. #..#
......##.....#P..##P.######..#
P......#.....##.)#P......##.†#
...............4.#.......##..##
#.....##......P.@##......##...#
#.....#..##[.##..####.#.##...##
#.......#..#.##...#####.P....##
..............................#
...........†.................##
..#####.###..#.#.#P#P#.#######
### ### ##############


You could see a friendly ice devil (summoned).

Vanquished Creatures
  Gastronok (Lair:2)
  A boulder beetle (Lair:2)
  Sonja (Lair:2)
  4 elephants (Lair:1)
  A black mamba (Lair:1)
  2 cane toads (Lair:1)
  A rime drake (Lair:2)
  2 komodo dragons (Lair:2)
  2 hornets (D:9)
  8 yaks
  3 wyverns
  A basilisk (Lair:2)
  Eustachio (D:4)
  Grum (D:8)
  A warg (D:9)
  6 water moccasins
  Duvessa (D:4)
  2 orc warriors
  An ice beast (D:8)
  A sky beast (D:6)
  A black bear (D:7)
  2 ogres
  9 wolves
  3 centaurs (D:9)
  A phantom (D:5)
  Blork the orc (D:6)
  2 kobold brigands
  9 bullfrogs
  3 gnoll sergeants
  A scorpion (D:6)
  14 wights
  4 howler monkeys
  2 bombardier beetles
  4 orc priests
  4 gnoll boudas
  4 hounds
  2 jellies
  6 iguanas
  2 sleepcaps
  12 orc wizards
  22 gnolls
  14 adders
  2 white imps
  2 ufetubi (D:5)
  A dart slug (D:5)
  A ribbon worm (D:3)
  23 orcs
  5 bats
  15 endoplasms
  4 giant cockroaches
  5 goblins
  8 hobgoblins
  25 kobolds
  3 quokkas (D:4)
  8 ball pythons
  5 frilled lizards
  5 rats
275 creatures vanquished.

Vanquished Creatures (collateral kills)
  Urug (Lair:2)
  Dowan (D:4)
  A bombardier beetle (D:5)
  An orc (D:5)
  5 kobolds (D:2)
9 creatures vanquished.

Grand Total: 284 creatures vanquished

Notes
Turn   | Place    | Note
-------+----------+-------------------------------------------
     0 | D:1      | Majang the Demonspawn Earth Elementalist began the quest
                  | for the Orb.
     0 | D:1      | Reached XP level 1. HP: 13/13 MP: 3/3
    39 | D:1      | Found a faded altar of an unknown god.
   160 | D:1      | Gained mutation: A weak demonic guardian rushes to your
                  | aid. [demonic ancestry]
   160 | D:1      | Reached XP level 2. HP: 17/19 MP: 0/5
   956 | D:2      | Reached XP level 3. HP: 24/24 MP: 4/7
  1074 | D:2      | Found Laetab's Jewellery Emporium.
  1502 | D:2      | Found a basalt altar of Yredelemnul.
  1502 | D:2      | Found a hazy altar of Hepliaklqana.
  1502 | D:2      | Found a stormy altar of Qazlal.
  1502 | D:2      | Found a shimmering altar of Xom.
  1502 | D:2      | Found a radiant altar of Vehumet.
  1502 | D:2      | Found a shimmering altar of Xom.
  1525 | D:2      | Gained mutation: You may rarely emit foul miasma when
                  | damaged in melee. [demonic ancestry]
  1525 | D:2      | Reached XP level 4. HP: 30/30 MP: 6/9
  1618 | D:2      | Became a worshipper of Vehumet
  1726 | D:3      | Learned a level 3 spell: Stone Arrow
  1922 | D:3      | You are sucked into a shaft and drop 1 floor!
  1938 | D:3      | Gained mutation: A demonic guardian rushes to your aid.
                  | [demonic ancestry]
  1938 | D:3      | Reached XP level 5. HP: 24/35 MP: 6/10
  2876 | D:4      | Reached * piety under Vehumet
  2876 | D:4      | Offered knowledge of Freeze by Vehumet.
  3343 | D:4      | Noticed Eustachio
  3354 | D:4      | Killed Eustachio
  3355 | D:4      | Reached XP level 6. HP: 41/41 MP: 8/12
  3486 | D:4      | Noticed Duvessa
  3486 | D:4      | Noticed Dowan
  3501 | D:4      | Killed Duvessa
  3502 | D:4      | Reached skill level 5 in Earth Magic
  3511 | D:4      | Killed Dowan
  3512 | D:4      | Gained mutation: You sometimes emit foul miasma when
                  | damaged in melee. [demonic ancestry]
  3512 | D:4      | Reached XP level 7. HP: 23/46 MP: 7/14
  3663 | D:5      | Entered Level 5 of the Dungeon
  3691 | D:5      | Reached skill level 5 in Spellcasting
  3725 | D:5      | Found a hide-covered altar of Uskayaw.
  3856 | D:5      | Reached skill level 1 in Fighting
  3856 | D:5      | Reached skill level 1 in Staves
  3856 | D:5      | Reached skill level 1 in Evocations
  4204 | D:5      | Found an opulent altar of Gozag.
  4655 | D:6      | Reached XP level 8. HP: 54/54 MP: 13/16
  4667 | D:6      | Reached ** piety under Vehumet
  4667 | D:6      | Offered knowledge of Magic Dart by Vehumet.
  4675 | D:6      | Learned a level 3 spell: Passwall
  4696 | D:6      | Noticed Blork the orc
  4837 | D:6      | Found Pitec's General Store.
  5267 | D:6      | Found a bloodstained altar of Trog.
  5875 | D:6      | Offered knowledge of Hailstorm by Vehumet.
  5931 | D:6      | Gained mutation: You are partially covered in large bone
                  | plates. (SH +4) [demonic ancestry]
  5931 | D:6      | Reached XP level 9. HP: 62/62 MP: 15/18
  6163 | D:6      | Killed Blork the orc
  6367 | D:6      | Bought a book of the Earth for 396 gold pieces
  6373 | D:6      | Learned a level 5 spell: Lee's Rapid Deconstruction
  6534 | D:6      | Reached *** piety under Vehumet
  6828 | D:7      | Learned a level 6 spell: Bombard
  6895 | D:7      | Found a snail-covered altar of Cheibriados.
  6903 | D:7      | Found a staircase to the Ecumenical Temple.
  6912 | Temple   | Entered the Ecumenical Temple
  7104 | D:7      | Found a transporter.
  7547 | D:7      | Noticed Descartes's ghost (novice FoEE)
  7551 | D:7      | Noticed a cyclops
  7553 | D:7      | Found a transporter.
  7631 | D:8      | Noticed Grum
  7756 | D:8      | Offered knowledge of Frozen Ramparts by Vehumet.
  7914 | D:8      | Killed Grum
  7920 | D:8      | Gained mutation: You have a pair of small antennae on your
                  | head. [demonic ancestry]
  7920 | D:8      | Reached XP level 10. HP: 71/71 MP: 9/20
  8199 | D:8      | Reached skill level 5 in Conjurations
  8553 | D:8      | Upgraded the game from 0.32-a0-13-gbaedc5810e to
                  | 0.32-a0-18-g89e19f1974
  8601 | D:9      | Reached **** piety under Vehumet
  8755 | D:9      | Offered knowledge of Irradiate by Vehumet.
  8985 | D:9      | Found a staircase to the Lair.
  9616 | Lair:1   | Entered Level 1 of the Lair of Beasts
  9778 | Lair:1   | Learned a level 5 spell: Irradiate
  9800 | Lair:1   | Noticed a cane toad
  9807 | Lair:1   | Reached skill level 5 in Fighting
  9871 | Lair:1   | Noticed a cane toad
  9887 | Lair:1   | Killed a cane toad
 10007 | Lair:1   | Reached skill level 1 in Alchemy
 10007 | Lair:1   | Gained mutation: You are mostly covered in large bone
                  | plates. (SH +6) [demonic ancestry]
 10007 | Lair:1   | Reached XP level 11. HP: 75/79 MP: 10/23
 10136 | Lair:1   | Identified the +11 dagger of Corruption {freeze, Fly rCorr
                  | Str-3 Int+5}
 10242 | Lair:1   | You are sucked into a shaft and drop 1 floor!
 10584 | Lair:1   | Reached skill level 5 in Evocations
 10588 | Lair:1   | Reached skill level 5 in Dodging
 11228 | Lair:2   | Noticed Gastronok
 11254 | Lair:2   | Killed Gastronok
 11592 | Lair:2   | Noticed Sonja
 11600 | Lair:2   | Killed Sonja
 11601 | Lair:2   | Reached skill level 5 in Staves
 11740 | Lair:2   | Reached ***** piety under Vehumet
 11744 | Lair:2   | Noticed a boulder beetle
 11781 | Lair:2   | Killed a boulder beetle
 11910 | Lair:2   | Noticed Urug
 11922 | Lair:2   | Killed Urug
 11922 | Lair:2   | Offered knowledge of Conjure Ball Lightning by Vehumet.
 11927 | Lair:2   | HP: 3/81 [poisoned by Urug]
 11928 | Lair:2   | HP: 1/121 [poisoned by Urug]
 11929 | Lair:2   | Succumbed to Urug's poison

Illustrated notes

Levels and vault maps discovered:
D:1:      amcnicky_arrival_flooded_fountain, layout_rooms,
          dreamdust_ecumenical_altar_statues
D:2:      cheibrodos_fertilizer, layout_basic, serial_rivers,
          chequers_serial_rivers_room_a, chequers_serial_rivers_marsh,
          chequers_serial_rivers_micro_d, chequers_serial_rivers_room_a,
          serial_shops, nicolae_shop_behind_doors, st_stairs_11,
          minmay_misc_feat_enclosed
D:3:      layout_basic, mainiacjoe_overflow_boulevard, minmay_misc_feat_room,
          kennysheep_generic_room_9
D:4:      layout_basic, uniq_duvessa, uniq_eustachio
D:5:      layout_basic, amcnicky_altar_gilded, nicolae_gozag_seed_capital
D:6:      kennysheep_housing_project, layout_cave_pools,
          mainiacjoe_overflow_alcove_1, serial_shops, shop, uniq_blork_the_orc
D:7:      layout_basic, lemuel_doored_altar, temple_fountains, nzn_ghost_randoct
D:8:      layout_rooms, nicolae_figureground_pulse, uniq_grum
D:9:      layout_roguey, tso_metal_star, erik_lair_orcish_takeover
Temple:   minmay_temple_bridge_abc
Lair:1:   layout_chaotic_city, serial_rivers, chequers_serial_rivers_micro_a,
          chequers_serial_rivers_large_a, chequers_serial_rivers_small_a,
          chequers_serial_rivers_micro_e, chequers_serial_rivers_room_a,
          lemuel_fruit_tree, infiniplex_staircase_pool
Lair:2:   layout_regular_city, nicolae_spider_entry_non_spiders,
          ebering_ghost_funeral_grove, nicolae_quartered_pool_impasse,
          uniq_sonja, uniq_nergalle, uniq_urug, uniq_gastronok

Skill      XL: |  1  2  3  4  5  6  7  8  9 10 11 |
---------------+----------------------------------+-----
Earth Magic    | 3 4 5 6 7 8 9 |  9.3
Spellcasting   | 3 4 5 6 7 8 9 |  9.3
Conjurations   | 2 3 4 5 6 |  6.5
Dodging        | 2 3 4 5 |  5.5
Fighting       | 1 2 4 5 6 |  6.0
Staves         | 1 2 3 4 5 |  5.1
Evocations     | 1 2 3 4 5 |  5.7
Alchemy        | 1 2 |  2.0
Stealth        | |  1.7

Action                     |  1- 3 |  4- 6 |  7- 9 | 10-12 || total
---------------------------+-------+-------+-------+-------++-------
  Melee: Staff             |       |       |     1 |    11 ||    12
         Punch             |       |       |       |     1 ||     1
   Cast: Sandblast         |    41 |    75 |   120 |    62 ||   298
         Stone Arrow       |       |       |    59 |    60 ||   119
         Lee's Rapid Decon |       |       |     9 |    35 ||    44
         Bombard           |       |       |       |     4 ||     4
         Irradiate         |       |       |       |     3 ||     3
  Evoke: Wand              |       |       |       |    16 ||    16
    Use: Scroll            |       |    11 |     5 |     4 ||    20
         Potion            |       |       |       |    10 ||    10
 Armour: Robe              |    11 |    10 |    24 |    28 ||    73
  Dodge: Dodged            |     8 |    12 |    45 |    46 ||   111
  Block: Other             |       |       |     4 |     9 ||    13

Table legend: (Time is in decaauts)
 A = Elapsed time spent in this place.
 B = Non-inter-level travel time spent in this place.
 C = Inter-level travel time spent in this place.
 D = Time resting spent in this place.
 E = Time spent auto-exploring this place.
 F = Levels seen in this place.
 G = Mean time per level.
                   A        B        C        D        E       F      G
               +--------+--------+--------+--------+--------+-----+--------+
         Total |  12076 |  11650 |    426 |   4911 |    638 |  12 | 1006.3 |
       Dungeon |   9749 |   9358 |    391 |   3658 |    598 |   9 | 1083.2 |
        Temple |      1 |      1 |      0 |      0 |      0 |   1 |    1.0 |
          Lair |   2325 |   2290 |     35 |   1253 |     40 |   2 | 1162.5 |
               +--------+--------+--------+--------+--------+-----+--------+

Top non-repeatable levels by time:
     D:6: 1991 daAuts
  Lair:1: 1786 daAuts
     D:4: 1354 daAuts
     D:2: 1249 daAuts
     D:5: 1205 daAuts
     D:9: 1074 daAuts
     D:7: 1036 daAuts
     D:8: 724 daAuts
     D:3: 638 daAuts
  Lair:2: 539 daAuts
     D:1: 475 daAuts
  Temple: 1 daAuts
